 Dungeon Crawl Stone Soup version 0.20.0-10-g0535bb4 (webtiles) character file.

40619 mopl the Covert (level 13, -11/90 HPs)
             Began as a Minotaur Assassin on June 6, 2017.
             Was the Champion of Hepliaklqana.
             Mangled by a komodo dragon (19 damage)
             ... on level 6 of the Lair of Beasts.
             The game lasted 00:57:46 (21874 turns).

mopl the Covert (Minotaur Assassin)                Turns: 21874, Time: 00:57:47

Health: -11/90     AC:  9    Str: 16    XL:     13   Next: 75%
Magic:  18/18      EV: 16    Int:  8    God:    Hepliaklqana [******]
Gold:   1066       SH: 12    Dex: 17    Spells: 7/12 levels left

rFire    + . .     SeeInvis .   f - +0 scimitar (flame)
rCold    + . .     Gourm    .   i - +0 shield
rNeg     . . .     Faith    +   N - +0 steam dragon scales
rPois    .         Spirit   .   (helmet restricted)
rElec    .         Reflect  .   I - scarf {rC+ rF+}
rCorr    .         Harm     .   p - +0 pair of gloves
MR       .....                  T - +2 pair of boots
Stlth    ++++++....             M - amulet of faith {!P}
Regen    0.3/turn               o - ring of stealth
MPRegen  0.2/turn               s - +3 ring of evasion

@: no status effects
A: retaliatory headbutt, reduced essence, horns 2
a: Recall Ancestor, Ancestor Identity, Transference, Idealise, Renounce Religion


You were on level 6 of the Lair of Beasts.
You worshipped Hepliaklqana.
Hepliaklqana was exalted by your worship.
You were not hungry.

You visited 3 branches of the dungeon, and saw 18 of its levels.
You also visited: Volcano.

You collected 1066 gold pieces.

Inventory:

Hand Weapons
 a - a +2 dagger
 b - a +0 blowgun
 f - a +0 scimitar of flaming (weapon)
Missiles
 e - 96 poisoned needles
 t - 3 poisoned tomahawks (quivered)
 E - 7 steel javelins
 O - 3 needles of paralysis
 W - 6 curare-tipped needles
Armour
 i - a +0 shield (worn)
 p - a +0 pair of gloves (worn)
 I - a scarf of resistance (worn)
 N - +0 steam dragon scales (worn)
 R - a scarf of cloud immunity
 T - a +2 pair of boots (worn)
Jewellery
 o - a ring of stealth (left hand)
 s - a +3 ring of evasion (right hand)
 M - an amulet of faith (around neck) {!P}
 X - a cursed ring of teleportation {unknown}
Wands
 c - a wand of disintegration (5/24)
 F - a wand of confusion (16/48)
 J - a wand of iceblast (4/15)
 L - a wand of paralysis (1/24)
 P - a wand of iceblast (2/15)
 Q - a wand of clouds (0/9)
 Y - a wand of polymorph (12/24)
Scrolls
 h - 4 scrolls of identify {unknown}
 j - 3 scrolls of remove curse {unknown}
 l - a scroll of vulnerability {unknown}
 u - a scroll of enchant weapon {unknown}
 y - a scroll of teleportation {unknown}
Potions
 m - 2 potions of degeneration {unknown}
 q - 3 potions of ambrosia {unknown}
 v - 3 potions of brilliance {volcano, unknown}
 w - a potion of magic {unknown}
 x - 6 potions of curing
 z - a potion of berserk rage {unknown}
 A - 4 potions of mutation {unknown}
 B - 4 potions of heal wounds {unknown}
 C - 4 potions of agility {unknown}
 G - 3 potions of might {unknown}
 H - 3 potions of cancellation {unknown}
 K - 5 potions of flight {unknown}
 U - 3 potions of invisibility {unknown}
 Z - 4 potions of haste
Miscellaneous
 d - a fan of gales (inert)
 n - a phantom mirror
 S - a box of beasts
 V - a lamp of fire
Comestibles
 g - 5 bread rations
 k - a royal jelly
 D - a meat ration


   Skills:
 + Level 5.3 Fighting
 - Level 10.0(10.4) Short Blades
 + Level 5.1(8.7) Long Blades
 + Level 9.7 Throwing
 + Level 4.3 Dodging
 * Level 12.7 Stealth
 - Level 10.0 Shields
 + Level 9.2 Invocations
 + Level 5.0 Evocations


You had 7 spell levels left.
You knew the following spells:

 Your Spells              Type           Power        Failure   Level  Hunger
p - Passwall              Tmut/Erth      #.........   77%         2    ###....
r - Regeneration          Chrm/Necr      #.........   94%         3    ####...


Dungeon Overview and Level Annotations

Branches:
Dungeon (11/15)            Temple (1/1) D:4            Lair (6/6) D:9
 Shoals (0/4) Lair:4       Spider (0/4) Lair:2        Slime (0/5) Lair:5
    Orc: D:9-12

Altars:
Fedhas
Hepliaklqana
Kikubaaqudgha
Vehumet
Jiyva

Shops:
D:9 :

Annotations:
Lair:2 exclusion: 3 oklob plants
Lair:4 exclusion: oklob plant


Innate Abilities, Weirdness & Mutations

You reflexively headbutt those who attack you in melee.
You have a pair of horns on your head.
Your life essence is reduced. (-10% HP)


Message History

The helpless spiny frog fails to defend itself.
You hit the spiny frog but do no damage.
The spiny frog is moderately wounded.
The helpless spiny frog fails to defend itself.
You slash the spiny frog! You burn the spiny frog. You headbutt the spiny frog.
The spiny frog is almost dead.
The helpless spiny frog fails to defend itself.
You slash the spiny frog! You burn the spiny frog.
You kill the spiny frog!
A komodo dragon comes into view.
The helpless lindwurm fails to defend itself.
You hit the lindwurm but do no damage.
The komodo dragon hisses angrily.
You headbutt the lindwurm.
The lindwurm is moderately wounded.
The helpless lindwurm fails to defend itself.
You slice the lindwurm!! You burn the lindwurm. You headbutt the lindwurm.
The lindwurm is almost dead.
The lindwurm is no longer paralysed.
The komodo dragon bites you!!
You die...

###..........P##
##...........# ≈≈
##.........## ≈ ##........###
≈ #..........# ###### ###
###........###.....# ≈≈###
##...(...........# ≈≈≈§##
###.(#.l........# .....####
##..#k@.#.....#
........###(.###..##...##
...........#(..#..#P....#
#.........#.#...#.....(.#
S#.....)#####..P).......##
≈#.....## ##..........#..####
≈......# #...........)..##.#
≈......# #......#.........##
#......#8###................#


You could see a lindwurm and a komodo dragon.

Vanquished Creatures
  2 hydras (Lair:6)
  Erica (D:9)
  5 death yaks
  A fire crab (Volcano)
  A lindwurm (Volcano)
  An orc knight (D:9)
  Pikel (D:9)
  A cyclops (D:10)
  2 elephants (Lair:5)
  5 black mambas (Lair:6)
  3 gargoyles (D:10)
  7 spiny frogs
  The ghost of newuser the Slasher, a novice BaAr of Cheibriados (D:4)
  3 molten gargoyles
  A kobold demonologist (D:11)
  A centaur skeleton (D:10)
  5 komodo dragons
  A rime drake (Lair:4)
  A tengu conjurer (D:10)
  A polar bear (Lair:3)
  4 blink frogs
  Grinder (D:6)
  4 hippogriffs
  4 wyverns
  24 yaks
  5 basilisks
  4 fire bats (Volcano)
  A vampire mosquito (D:10)
  2 steam dragons
  2 soldier ants (D:9)
  7 water moccasins
  4 orc warriors
  4 porcupines
  6 hell hounds
  2 sky beasts (D:10)
  An eye of draining (D:10)
  4 slaves (D:9)
  A hornet zombie (D:9)
  A black bear (D:10)
  3 ice beasts
  A phantom (D:4)
  5 ogres
  A necrophage (D:6)
  13 centaurs
  10 crocodiles
  A big kobold (D:9)
  A gnoll sergeant (D:6)
  A wyvern zombie (D:10)
  7 bullfrogs
  3 scorpions
  5 killer bees
  4 wights (D:7)
  4 howler monkeys
  2 crimson imps
  4 lava snakes (Volcano)
  3 bullfrog zombies
  6 hounds
  4 jellies
  9 orc priests
  3 orc wizards
  7 hell rats
  An iguana (D:11)
  9 worker ants
  A killer bee zombie (D:5)
  A hound zombie (D:5)
  A hound skeleton (D:7)
  2 worker ant zombies
  8 gnolls
  9 adders
  3 river rats (D:9)
  A hound simulacrum (D:10)
  4 shadow imps
  9 white imps (Lair:5)
  4 oozes
  An adder skeleton (D:10)
  7 worms
  A dart slug (D:2)
  3 leopard geckos
  27 orcs
  A ball python (D:2)
  7 giant cockroaches
  8 goblins
  10 hobgoblins
  6 jackals
  12 kobolds
  4 quokkas
  5 bats
  A frilled lizard (D:2)
  A jackal zombie (D:5)
  A leopard gecko skeleton (D:4)
  4 rats
  A plant (Lair:6)
375 creatures vanquished.

Vanquished Creatures (collateral kills)
  A two-headed ogre (D:10)
  2 death yaks
  3 black mambas
  2 elephants (Lair:5)
  A molten gargoyle (Lair:6)
  A rime drake (Lair:5)
  A komodo dragon (Lair:5)
  A blink frog (Lair:4)
  A hippogriff (Lair:2)
  10 yaks
  2 fire bats (Volcano)
  2 basilisks (Lair:6)
  2 steam dragons
  A porcupine (Lair:2)
  2 hell hounds
  2 water moccasins
  An orc warrior (D:7)
  An ice beast (D:7)
  A phantom (D:6)
  A necrophage (D:8)
  2 ogres
  2 centaurs
  2 crocodiles
  5 bullfrogs
  A scorpion (D:9)
  2 killer bees (D:7)
  A lava snake (Volcano)
  2 hounds (D:6)
  A jelly (D:5)
  3 orc priests (D:9)
  2 orc wizards (D:6)
  A worker ant (D:4)
  4 gnolls (D:6)
  3 white imps (Lair:5)
  An adder skeleton (D:5)
  A worm (Lair:2)
  7 orcs
  A giant cockroach (D:7)
  2 jackals
  2 quokkas (D:9)
83 creatures vanquished.

Vanquished Creatures (others)
  16 hexers
  2 ancestors
  2 bushes
  7 fungi
  9 plants
36 creatures vanquished.

Grand Total: 494 creatures vanquished

Notes
Turn   | Place    | Note
-------+----------+-------------------------------------------
     0 | D:1      | mopl the Minotaur Assassin began the quest for the Orb.
     0 | D:1      | Reached XP level 1. HP: 18/18 MP: 0/0
   372 | D:1      | Reached XP level 2. HP: 23/25 MP: 1/1
   884 | D:2      | Reached skill level 1 in Shields
   958 | D:2      | Reached XP level 3. HP: 27/30 MP: 2/2
  1086 | D:2      | Reached skill level 3 in Short Blades
  1395 | D:3      | Reached XP level 4. HP: 37/37 MP: 3/3
  1791 | D:3      | Reached skill level 2 in Shields
  1834 | D:3      | Reached skill level 4 in Stealth
  2109 | D:4      | Found a staircase to the Ecumenical Temple.
  2115 | Temple   | Entered the Ecumenical Temple
  2122 | Temple   | Became a worshipper of Hepliaklqana the Forgotten
  2221 | D:4      | Noticed an ogre
  2236 | D:4      | Killed an ogre
  2236 | D:4      | Reached skill level 3 in Throwing
  2236 | D:4      | Reached XP level 5. HP: 24/37 MP: 4/4
  2420 | D:4      | Reached skill level 1 in Invocations
  2644 | D:4      | Noticed a phantom
  2669 | D:4      | Killed a phantom
  2669 | D:4      | Reached skill level 4 in Short Blades
  2669 | D:4      | Reached XP level 6. HP: 28/45 MP: 4/6
  2721 | D:4      | Reached skill level 3 in Shields
  2774 | D:4      | Reached skill level 5 in Stealth
  2776 | D:4      | Reached * piety under Hepliaklqana
  2776 | D:4      | Noticed newuser's ghost (novice BaAr)
  2822 | D:4      | Killed newuser's ghost
  2822 | D:4      | Reached skill level 2 in Invocations
  2822 | D:4      | Reached XP level 7. HP: 26/50 MP: 7/7
  3138 | D:4      | Reached skill level 4 in Throwing
  3356 | D:5      | Entered Level 5 of the Dungeon
  3374 | D:5      | Reached skill level 4 in Shields
  3417 | D:5      | Reached skill level 5 in Short Blades
  3417 | D:5      | Reached skill level 6 in Stealth
  3417 | D:5      | Reached XP level 8. HP: 51/55 MP: 9/9
  3588 | D:5      | Reached skill level 3 in Invocations
  4074 | D:6      | Reached ** piety under Hepliaklqana
  4074 | D:6      | Noticed Grinder
  4075 | D:6      | Remembered your ancestor Appius as a hexer
  4077 | D:6      | Paralysed by Grinder for 2 turns
  4084 | D:6      | Killed Grinder
  4103 | D:6      | Found a blossoming altar of Fedhas.
  4138 | D:6      | Reached skill level 5 in Shields
  4203 | D:6      | Reached skill level 7 in Stealth
  4205 | D:6      | Reached skill level 5 in Throwing
  4303 | D:6      | Reached skill level 6 in Short Blades
  4346 | D:6      | Reached XP level 9. HP: 41/61 MP: 10/10
  4563 | D:5      | Reached skill level 4 in Invocations
  4934 | D:7      | Reached skill level 6 in Shields
  5307 | D:7      | Reached skill level 8 in Stealth
  5818 | D:8      | Reached *** piety under Hepliaklqana
  5926 | D:8      | Reached skill level 5 in Invocations
  6008 | D:8      | Reached skill level 7 in Short Blades
  6008 | D:8      | Reached skill level 6 in Throwing
  6443 | D:8      | Reached XP level 10. HP: 49/66 MP: 12/12
  6835 | D:9      | Noticed Erica
  6963 | D:9      | Killed Erica
  6963 | D:9      | Reached skill level 7 in Shields
  7363 | D:9      | Reached **** piety under Hepliaklqana
  7391 | D:9      | Reached skill level 9 in Stealth
  7393 | D:9      | Noticed a death yak
  7417 | D:9      | Noticed a death yak
  7447 | D:9      | Killed a death yak
  7653 | D:9      | Found a staircase to the Lair.
  7653 | D:9      | Noticed a death yak
  8184 | D:8      | Killed a death yak
  8184 | D:8      | Reached skill level 7 in Throwing
  8184 | D:8      | Reached skill level 8 in Shields
  8184 | D:8      | Reached skill level 6 in Invocations
  8386 | D:9      | Killed a death yak
  8386 | D:9      | Reached skill level 8 in Short Blades
  8574 | D:9      | Noticed Pikel
  8587 | D:9      | Killed Pikel
  8587 | D:9      | Reached XP level 11. HP: 58/72 MP: 14/14
  8684 | D:9      | Found Asongeo's Book Emporium.
  9144 | D:9      | Reached skill level 10 in Stealth
  9397 | Lair:1   | Entered Level 1 of the Lair of Beasts
  9422 | D:10     | Entered Level 10 of the Dungeon
  9974 | D:10     | Got a polished spear {freeze}
 10048 | D:10     | Reached skill level 9 in Shields
 10598 | D:10     | Reached skill level 7 in Invocations
 10601 | D:10     | Noticed an orc knight
 10734 | D:9      | Killed an orc knight
 10734 | D:9      | Reached skill level 8 in Throwing
 11106 | D:10     | Reached skill level 9 in Short Blades
 11162 | D:10     | Reached skill level 1 in Evocations
 11317 | D:11     | Noticed a sun demon
 11335 | D:11     | Noticed a tengu warrior
 11336 | D:11     | Noticed a tengu warrior
 11366 | D:11     | Noticed a two-headed ogre
 11456 | D:10     | Killed a two-headed ogre
 11456 | D:10     | Reached skill level 11 in Stealth
 11749 | Lair:1   | Reached ***** piety under Hepliaklqana
 11793 | Lair:1   | Got a twisted plate armour
 11835 | Lair:1   | Identified Onur's Handbook of the Dark Rocks
 11844 | Lair:1   | Learned a level 2 spell: Passwall
 11848 | Lair:1   | Learned a level 3 spell: Regeneration
 12052 | Lair:1   | Reached XP level 12. HP: 59/79 MP: 16/16
 12443 | Lair:2   | Found a hole to the Spider Nest.
 12695 | Lair:1   | Reached skill level 2 in Evocations
 12997 | Lair:2   | Got an iridescent long sword
 13862 | Lair:3   | Reached skill level 10 in Shields
 13894 | Lair:3   | Found a dark tunnel.
 13904 | Lair:3   | Reached skill level 3 in Evocations
 13908 | Volcano  | Entered a volcano
 14277 | Volcano  | Found a bloodstained altar of Trog.
 14970 | Volcano  | Reached skill level 8 in Invocations
 15755 | Lair:3   | Reached skill level 10 in Short Blades
 16070 | Lair:4   | Reached skill level 1 in Long Blades
 16329 | Lair:4   | Reached skill level 3 in Fighting
 16357 | Lair:4   | Reached skill level 9 in Throwing
 16360 | Lair:4   | Reached skill level 2 in Long Blades
 16366 | Lair:4   | Reached skill level 12 in Stealth
 16630 | Lair:4   | Reached ****** piety under Hepliaklqana
 16835 | Lair:4   | Found a staircase to the Shoals.
 17703 | Lair:4   | Reached skill level 2 in Dodging
 17866 | Lair:5   | Noticed a death yak
 17873 | Lair:5   | Reached skill level 4 in Evocations
 17886 | Lair:5   | Killed a death yak
 17886 | Lair:5   | Reached XP level 13. HP: 45/85 MP: 18/18
 18225 | Lair:5   | Reached skill level 3 in Long Blades
 18738 | Lair:5   | Reached skill level 4 in Fighting
 18864 | Lair:5   | Found a runed door.
 18864 | Lair:5   | Found a viscous altar of Jiyva.
 18871 | Lair:5   | Found a staircase to the Slime Pits.
 18927 | Lair:5   | Reached skill level 3 in Dodging
 19295 | Lair:6   | Entered Level 6 of the Lair of Beasts
 20102 | Lair:6   | Reached skill level 4 in Long Blades
 20514 | Lair:6   | Reached skill level 9 in Invocations
 20959 | Lair:6   | Reached skill level 5 in Fighting
 21110 | Lair:6   | Reached skill level 4 in Dodging
 21268 | Lair:6   | Reached skill level 5 in Long Blades
 21820 | Lair:6   | Noticed a fire dragon
 21869 | Lair:6   | Reached skill level 5 in Evocations
 21874 | Lair:6   | Mangled by a komodo dragon

Skill      XL: |  1  2  3  4  5  6  7  8  9 10 11 12 13 |
---------------+----------------------------------------+-----
Shields        | 1 2 3 4 5 6 8 9 10 | 10.0
Short Blades   | 3 4 5 6 7 8 9 10 | 10.0
Stealth        | 4 5 6 7 8 9 11 12 | 12.7
Throwing       | 3 4 5 6 7 8 9 |  9.7
Invocations    | 1 2 3 5 6 7 8 9 |  9.2
Evocations     | 1 4 5 |  5.0
Long Blades    | 2 5 |  5.1
Fighting       | 3 5 |  5.3
Dodging        | 2 4 |  4.3

Action                   |  1- 3 |  4- 6 |  7- 9 | 10-12 | 13-15 || total
-------------------------+-------+-------+-------+-------+-------++-------
Melee: Dagger            |    85 |    92 |   326 |   568 |     6 ||  1077
       Headbutt          |     9 |     6 |    69 |   209 |    86 ||   379
       Scimitar          |       |       |       |   343 |   349 ||   692
 Fire: Blowgun           |       |    43 |    37 |   104 |       ||   184
Throw: Tomahawk          |       |       |     4 |     8 |    27 ||    39
Invok: Ancestor Life: He |       |       |     1 |       |       ||     1
       Recall Ancestor   |       |       |       |     5 |     1 ||     6
       Idealise          |       |       |       |       |     1 ||     1
Evoke: Wand              |       |     5 |       |    11 |    16 ||    32
       Fan of gales      |       |       |       |       |     2 ||     2
       Lamp of fire      |       |       |       |       |     1 ||     1
  Use: Potion            |       |       |       |       |     1 ||     1
 Stab: Sleeping          |     8 |     6 |    11 |    44 |     3 ||    72
       Confused          |       |       |     5 |    15 |     9 ||    29
       Distracted        |       |       |     4 |    22 |     7 ||    33
       Paralysed         |       |       |       |     2 |     9 ||    11
  Eat: Chunk             |     2 |     4 |    12 |    28 |    11 ||    57
       Fruit             |       |       |       |     2 |       ||     2
       Royal jelly       |       |       |       |     1 |     1 ||     2
       Bread ration      |       |       |       |     1 |       ||     1
Armor: Robe              |    13 |     5 |    17 |       |       ||    35
       Steam dragon scal |       |       |    16 |   137 |    65 ||   218
Dodge: Dodged            |    33 |    31 |    95 |   273 |   140 ||   572
Block: Shield            |    24 |    32 |   110 |   382 |   159 ||   707
       Rpst.: Scimitar   |       |       |       |    33 |    29 ||    62
